 Dungeon Crawl Stone Soup version 0.28-a0-706-gf6f64a616a (webtiles) character file.

Game seed: 13112152962647485445

8483 timneilson the Blocker (level 11, -2/67 HPs)
             Began as a Gargoyle Fighter on Oct 24, 2021.
             Was a High Priest of Okawaru.
             Slain by an ogre (5 damage)
             ... on level 11 of the Dungeon.
             The game lasted 00:21:51 (11796 turns).

timneilson the Blocker (Gargoyle Fighter)          Turns: 11796, Time: 00:21:51

Health: -2/67      AC: 23    Str: 23    XL:     11   Next: 31%
Magic:  9/14       EV: 13    Int:  9    God:    Okawaru [*****.]
Gold:   491        SH:  6    Dex:  9    Spells: 10/10 levels left

rFire   . . .      SeeInvis .   t - +1 scimitar
rCold   . . .      Faith    .   c - +0 buckler
rNeg    + . .      Spirit   .   i - +1 chain mail
rPois   ∞          Reflect  .   (no helmet)
rElec   +          Harm     .   (no cloak)
rCorr   +          Rampage  .   g - +0 pair of gloves
Will    .....                   v - +0 pair of boots
Stlth   ..........              (no amulet)
HPRegen 0.21/turn               h - ring of resist corrosion
MPRegen 0.14/turn               b - +4 ring of evasion

@: finesse-ful
A: sickness immunity, AC +8, negative energy resistance 1, electricity
resistance, torment resistance 1, petrification resistance
a: Renounce Religion, Heroism, Finesse, Duel


You were on level 11 of the Dungeon.
You worshipped Okawaru.
Okawaru was extremely pleased with you.
You visited 2 branches of the dungeon, and saw 12 of its levels.

You collected 491 gold pieces.

Inventory:

Hand Weapons
 a - a +0 long sword
 t - a +1 scimitar (weapon)
Armour
 c - a +0 buckler (worn)
 g - a +0 pair of gloves (worn)
 i - a +1 chain mail (worn)
 u - a +0 plate armour
 v - a +0 pair of boots (worn)
Jewellery
 b - a +4 ring of evasion (right hand)
 h - a ring of resist corrosion (left hand)
 k - a ring of flight
 m - a ring of see invisible
Wands
 e - a wand of mindburst (9)
 l - a wand of digging (1)
 p - a wand of polymorph (19)
 q - a wand of flame (20)
 s - a wand of iceblast (6)
Scrolls
 f - 2 scrolls of blinking
 n - 4 scrolls of identify
 o - a scroll of amnesia
 r - 2 scrolls of fear
 x - a scroll of teleportation
Potions
 j - 3 potions of mutation
 w - a potion of lignification


   Skills:
 + Level 7.0 Fighting
 * Level 7.6 Long Blades
 * Level 9.3 Armour
 + Level 4.4 Dodging
 * Level 9.5 Shields
 + Level 4.4 Invocations
 + Level 4.4 Evocations


You had 10 spell levels left.
You didn't know any spells.
Your spell library contained the following spells:

 Spells                   Type           Power      Damage    Failure   Level
 Sting                    Tmut/Pois      0%         1d3       94%         1
 Corpse Rot               Necr/Air       0%         N/A       98%         2
 Poisonous Vapours        Pois/Air       0%         N/A       98%         2
 Gell's Gravitas          Tloc           0%         N/A       100%        3
 Lesser Beckoning         Tloc           0%         N/A       100%        3
 Ozocubu's Armour         Ice            0%         N/A       100%        3
 Portal Projectile        Hex/Tloc       0%         N/A       100%        3
 Teleport Other           Tloc           0%         N/A       100%        3
 Dispel Undead            Necr           0%         3d6       100%        4
 Leda's Liquefaction      Hex/Erth       0%         N/A       100%        4
 Olgreb's Toxic Radiance  Pois           0%         N/A       100%        4
 Petrify                  Tmut/Erth      0%         N/A       100%        4
 Metabolic Englaciation   Hex/Ice        0%         N/A       100%        5
 Dispersal                Tloc           0%         N/A       100%        6
 Orb of Destruction       Conj           0%         N/A       100%        7
 Ozocubu's Refrigeration  Ice            0%         4d5       100%        7
 Call Canine Familiar     Summ           Unusable   N/A       N/A         3
 Summon Guardian Golem    Hex/Summ       Unusable   N/A       N/A         3
 Death Channel            Necr           Unusable   N/A       N/A         6
 Statue Form              Tmut/Erth      Unusable   N/A       N/A         6
 Spellforged Servitor     Conj/Summ      Unusable   N/A       N/A         7

Dungeon Overview and Level Annotations

Branches:
Dungeon (11/15)            Temple (1/1) D:7            Lair (0/6) D:8
    Orc (0/2) D:10

Altars:
Ashenzari
Cheibriados
Dithmenos
Elyvilon
Fedhas
Gozag
Hepliaklqana
Kikubaaqudgha
Makhleb
Nemelex Xobeh
Okawaru
Qazlal
Ru
Sif Muna
Trog
Uskayaw
Vehumet
Wu Jian
Xom
Yredelemnul
Zin
The Shining One

Shops:
D:3 [   D:7 (


Innate Abilities, Weirdness & Mutations

You are immune to sickness and miasma.
Your stone body is resilient. (AC +8)
You are immune to poison.
You resist negative energy. (rN+)
You are resistant to electric shocks. (rElec)
You are resistant to unholy torment.
You are immune to petrification.


Message History

The two-headed ogre closely misses you.
The two-headed ogre hits you with a +0 giant club!
You slash the two-headed ogre!
The two-headed ogre is moderately wounded.
The ogre closely misses you.
You closely miss the two-headed ogre.
The two-headed ogre is moderately wounded.
You hear some strange, mumbled words.
The ogre seems to speed up.
You slash the two-headed ogre!
The two-headed ogre is heavily wounded.
You barely miss the two-headed ogre.
The two-headed ogre is heavily wounded.
You feel like a meek peon again. The ogre hits you with a +0 giant club!
You block the two-headed ogre's attack. x2
Something hits you but does no damage.
You closely miss the two-headed ogre.
The two-headed ogre is heavily wounded.
You slash the two-headed ogre!
The two-headed ogre is severely wounded.
You block the ogre's attack.
You hear some strange, mumbled words.
The two-headed ogre seems to speed up.
You hit the two-headed ogre but do no damage.
The two-headed ogre is severely wounded.
The two-headed ogre closely misses you. The two-headed ogre barely misses you.
The ogre closely misses you.
You closely miss the two-headed ogre.
The two-headed ogre is severely wounded.
The two-headed ogre hits you with a +0 giant club!!
* * * LOW HITPOINT WARNING * * *
The two-headed ogre hits you but does no damage.
Something hits you!
* * * LOW HITPOINT WARNING * * *
Okay, then.
You slash the two-headed ogre!
You kill the two-headed ogre!
Okawaru is honoured by your kill. The ogre hits you with a +0 giant club.
You die...

#... #... #...
+..# . ... +..# ..
.... #..+ ... ....
#..# .... ... #{@#
.....
#.#####OO#......
#........'O...O.
..#..
#........#..O...
..#..
#........#...O..
...######....#####
.....
.............#
.....
.............#
....
8............#
8...


You could see 2 ogres.

Vanquished Creatures
  3 two-headed ogres
  A manticore (D:8)
  An unseen horror (D:10)
  A kobold demonologist (D:9)
  3 trolls
  A meliai zombie (D:10)
  8 yaks
  A wyvern (D:10)
  A steam dragon (D:8)
  3 water moccasins
  2 acid dragons
  2 black bears
  2 ice beasts (D:6)
  A sky beast (D:4)
  An orc warrior (D:8)
  A necrophage (D:7)
  3 centaurs
  3 ogres
  2 wolves (D:8)
  2 kobold brigands (D:10)
  A gnoll sergeant (D:7)
  A bullfrog (D:5)
  A scorpion (D:5)
  A wyvern skeleton (D:6)
  16 killer bees
  3 wights (D:8)
  4 electric eels (D:8)
  A howler monkey (D:10)
  A centaur zombie (D:9)
  7 hounds
  5 orc priests
  3 jellies
  Jessica (D:3)
  2 centaur skeletons
  An orc wizard (D:10)
  3 iguanas
  2 killer bee zombies
  8 gnolls
  9 adders
  2 white imps
  An ufetubus (D:5)
  A dart slug (D:2)
  27 orcs
  4 bats
  4 endoplasms
  3 giant cockroaches
  7 goblins
  5 hobgoblins
  3 jackals (D:2)
  11 kobolds
  2 quokkas
  6 ball pythons
  6 frilled lizards
  7 rats
201 creatures vanquished.

Vanquished Creatures (others)
  A fungus (D:3)
1 creature vanquished.

Grand Total: 202 creatures vanquished

Notes
Turn   | Place    | Note
-------+----------+-------------------------------------------
     0 | D:1      | timneilson the Gargoyle Fighter began the quest for the
                  | Orb.
     0 | D:1      | Reached XP level 1. HP: 14/14 MP: 1/1
   187 | D:1      | Reached XP level 2. HP: 13/19 MP: 2/2
   558 | D:1      | Reached XP level 3. HP: 23/23 MP: 3/3
  1270 | D:2      | Reached XP level 4. HP: 27/28 MP: 4/4
  2067 | D:3      | Found a faded altar of an unknown god.
  2098 | D:3      | Found Lud Tenu's Armour Shoppe.
  2150 | D:3      | Noticed Jessica
  2157 | D:3      | Killed Jessica
  2158 | D:3      | Reached skill level 1 in Dodging
  2158 | D:3      | Reached XP level 5. HP: 33/33 MP: 5/5
  2527 | D:4      | Noticed a sky beast
  2545 | D:4      | Killed a sky beast
  2546 | D:4      | Reached XP level 6. HP: 31/38 MP: 6/6
  3784 | D:5      | Entered Level 5 of the Dungeon
  3834 | D:5      | Reached skill level 5 in Shields
  4047 | D:5      | Found an opulent altar of Gozag.
  4223 | D:5      | Reached skill level 5 in Armour
  4223 | D:5      | Reached XP level 7. HP: 32/43 MP: 7/7
  4476 | D:5      | Found a glowing silver altar of Zin.
  4491 | D:5      | Found a radiant altar of Vehumet.
  4738 | D:5      | Found a white marble altar of Elyvilon.
  4743 | D:5      | Found a hazy altar of Hepliaklqana.
  4880 | D:5      | Reached skill level 1 in Evocations
  4950 | D:5      | Found a glowing golden altar of the Shining One.
  4952 | D:5      | Found a blossoming altar of Fedhas.
  5102 | D:5      | Reached XP level 8. HP: 26/48 MP: 8/8
  5550 | D:6      | Found a shadowy altar of Dithmenos.
  5614 | D:6      | Reached skill level 5 in Fighting
  6276 | D:7      | Reached skill level 5 in Long Blades
  6486 | D:7      | Found a staircase to the Ecumenical Temple.
  6497 | Temple   | Entered the Ecumenical Temple
  6530 | Temple   | Became a worshipper of Warmaster Okawaru
  6934 | D:7      | Found Elei's Weapon Boutique.
  6966 | D:7      | Reached XP level 9. HP: 54/54 MP: 9/9
  7178 | D:8      | Noticed a troll
  7254 | D:7      | Reached skill level 1 in Invocations
  7467 | D:8      | HP: 2/54 [white imp/puff of frost (8)]
  7472 | D:8      | HP: 1/54 [white imp/puff of frost (2)]
  7763 | D:8      | Reached * piety under Okawaru
  8024 | D:8      | Found a staircase to the Lair.
  8025 | D:8      | Noticed a manticore
  8037 | D:8      | Killed a manticore
  8351 | D:8      | Killed a troll
  8352 | D:8      | Reached XP level 10. HP: 9/60 MP: 8/11
  9210 | D:9      | Noticed a kobold demonologist
  9221 | D:9      | Killed a kobold demonologist
  9221 | D:9      | Reached ** piety under Okawaru
  9382 | D:9      | Found a shimmering blue altar of Sif Muna.
  9539 | D:9      | Noticed a two-headed ogre
  9547 | D:9      | Killed a two-headed ogre
  9547 | D:9      | Reached *** piety under Okawaru
 10076 | D:10     | Entered Level 10 of the Dungeon
 10168 | D:10     | Killed an unseen horror
 10815 | D:10     | Reached XP level 11. HP: 55/66 MP: 10/13
 10895 | D:10     | Reached **** piety under Okawaru
 11286 | D:10     | Found a staircase to the Orcish Mines.
 11762 | D:11     | Noticed an ogre mage
 11762 | D:11     | Noticed a two-headed ogre
 11762 | D:11     | Noticed a two-headed ogre
 11784 | D:11     | Killed a two-headed ogre
 11784 | D:11     | Reached ***** piety under Okawaru
 11795 | D:11     | HP: 3/67 [something (10)]
 11796 | D:11     | Killed a two-headed ogre
 11796 | D:11     | Slain by an ogre

Illustrated notes

Levels and vault maps discovered:
D:1:      scummos_arrival_forest, layout_basic
D:2:      layout_rooms, serial_aquarium, aquarium_bridge_square
          [aquarium_subvault_bridge, aquarium_subvault_wall,
          aquarium_subvault_bridge, aquarium_subvault_bridge],
          aquarium_window_corner, aquarium_window_1, aquarium_window_1,
          aquarium_view_2b, aquarium_balcony_5a, aquarium_pool_side,
          corexii_shack, corner_web_ring, st_stairs_3
D:3:      layout_rooms, serial_shops, shop, dreamdust_ecumenical_altar_grove,
          uniq_jessica
D:4:      layout_basic
D:5:      layout_basic, pdpol_temple_overflow_zin_treasury_gozag_greed,
          vehumet_altar_wand_db, nicolae_overflow_hidden_temple
D:6:      layout_rooms, grunt_dithmenos_smoke
D:7:      layout_rooms, minmay_temple_entry_glassed_door, serial_shops,
          nicolae_shop_behind_doors
D:8:      layout_loops_ring, erik_lair_island, hangedman_decor_slide_cut,
          st_stairs_2, minivault_14
D:9:      layout_roguey, mainiacjoe_overflow_concentric_impassable,
          grunt_decor_mini_mirrors
D:10:     layout_grid_maze, orc_0_dummy
D:11:     old_forge, layout_irregular_city, serial_column_ruins,
          column_ruins_open_tiny, column_ruins_open_small,
          column_ruins_columns_straight, column_ruins_open_medium,
          column_ruins_open_medium, column_ruins_open_tiny,
          column_ruins_columns_straight
Temple:   oiseaux_autumnal_temple

Skill      XL: |  1  2  3  4  5  6  7  8  9 10 11 |
---------------+----------------------------------+-----
Long Blades    | 2 3 4 5 6 7 |  7.6
Shields        | 4 5 6 8 9 |  9.5
Armour         | 4 5 6 7 8 9 |  9.3
Dodging        | 1 2 3 4 |  4.4
Fighting       | 4 5 6 7 |  7.0
Evocations     | 1 2 3 4 |  4.4
Invocations    | 2 3 4 |  4.4

Action                   |  1- 3 |  4- 6 |  7- 9 | 10-12 || total
-------------------------+-------+-------+-------+-------++-------
Melee: Long sword        |   114 |   203 |   317 |       ||   634
       Scimitar          |       |       |    98 |   391 ||   489
Invok: Heroism           |       |       |     3 |    11 ||    14
       Finesse           |       |       |       |     1 ||     1
  Use: Scroll            |     2 |     8 |     3 |     2 ||    15
       Potion            |       |       |     7 |     1 ||     8
Armor: Scale mail        |    61 |    49 |       |       ||   110
       Chain mail        |       |    59 |   224 |   215 ||   498
Dodge: Dodged            |    52 |   119 |   264 |   326 ||   761
Block: Buckler           |    33 |    47 |   139 |   154 ||   373

Table legend: (Time is in decaauts)
 A = Elapsed time spent in this place.
 B = Non-inter-level travel time spent in this place.
 C = Inter-level travel time spent in this place.
 D = Time resting spent in this place.
 E = Time spent auto-exploring this place.
 F = Levels seen in this place.
 G = Mean time per level.
                   A        B        C        D        E       F      G
               +--------+--------+--------+--------+--------+-----+--------+
         Total |  11895 |  11549 |    346 |   1457 |   7497 |  12 |  991.2 |
       Dungeon |  11620 |  11283 |    337 |   1457 |   7251 |  11 | 1056.4 |
        Temple |    275 |    266 |      9 |      0 |    245 |   1 |  275.0 |
               +--------+--------+--------+--------+--------+-----+--------+

Top non-repeatable levels by time:
     D:8: 1894 daAuts
     D:5: 1652 daAuts
    D:10: 1478 daAuts
     D:4: 1355 daAuts
     D:1: 1070 daAuts
     D:2: 909 daAuts
     D:6: 865 daAuts
     D:9: 862 daAuts
     D:7: 794 daAuts
     D:3: 517 daAuts
  Temple: 275 daAuts
    D:11: 220 daAuts
